Cogmind - Beta 16.1 @@@ ROGUE MODE // 2026.05.01 @ 21:54:18 Player: SunShine214 Result: Smashed by cave-in Performance ------------- Evolutions (0) 0 Regions Visited (2) 400 Robots Destroyed (23) 115 Value Destroyed (497) 497 Prototype IDs (0) 0 Alien Tech Used (0) 0 Bonus (0) 0 TOTAL SCORE: 1012 Bonus ------- None Cogmind --------- Core Integrity 0/250 Matter 300/300 Energy 97/100 System Corruption 2% Temperature Cool (0) Movement Treading (240) Ox1 Location -10/Subcaves Parts ------- > --- POWER (1) -------- (None) > --- PROPULSION (2) --- Improved Treads > --- UTILITY (2) ------ Large Storage Unit Sensor Array > --- WEAPON (2) ------- Makeshift Hammer > --- INVENTORY (15) --- Light Treads Light Treads Improved Treads Improved Treads Large Storage Unit Signal Interpreter Light EM Pulse Cannon Light EM Pulse Cannon Light EM Pulse Cannon Assault Rifle Makeshift Shrapnel Gun Light Cannon Grenade Launcher Mining Laser Hammer Peak State ------------ > --- POWER ------------ (None) > --- PROPULSION ------- Improved Treads Improved Treads > --- UTILITY ---------- Large Storage Unit Sensor Array > --- WEAPON ----------- Makeshift Shrapnel Gun Makeshift Hammer > --- INVENTORY -------- Light Treads Light Treads Improved Treads Improved Treads Large Storage Unit Signal Interpreter Light EM Pulse Cannon Light EM Pulse Cannon Light EM Pulse Cannon Assault Rifle Light Cannon Grenade Launcher Grenade Launcher Mining Laser Hammer [Rating: 16] Favorites ----------- Power Ion Engine Engine Ion Engine Propulsion Light Treads Treads Light Treads Utility Large Storage Unit Device Seismic Detector Storage Large Storage Unit Weapon Medium Laser Energy Gun Medium Laser Energy Cannon Light EM Pulse Cannon Ballistic Gun Assault Rifle Launcher Grenade Launcher Special Weapon Mining Laser Impact Weapon Hammer Build | -11 -10 -10 ------- Run | Yrd Mat Sub Slots Evolved . | . . . Power . | . . . Propulsion . | . . . Utility . | . . . Weapon . | . . . Parts Attached 18 | 7 4 7 Power 2 | 1 1 . Engine 2 | 1 1 . Core . | . . . Reactor . | . . . Propulsion 4 | 2 . 2 Treads 4 | 2 . 2 Leg . | . . . Wheel . | . . . Hover . | . . . Flight . | . . . Utility 4 | 2 1 1 Device 2 | 1 . 1 Storage 2 | 1 1 . Processor . | . . . Hackware . | . . . Protection . | . . . Artifact . | . . . Weapon 8 | 2 2 4 Energy Gun 1 | 1 . . Energy Cannon 1 | . 1 . Ballistic Gun 2 | 1 . 1 Ballistic Cannon . | . . . Launcher 1 | . . 1 Special Weapon 1 | . 1 . Impact Weapon 2 | . . 2 Slashing Weapon . | . . . Piercing Weapon . | . . . Special Melee Weapon . | . . . Unidentified Prototypes . | . . . Parts Lost 4 | . . 4 Power 1 | . . 1 Propulsion 1 | . . 1 Utility 1 | . . 1 Weapon 1 | . . 1 Highest Loss Streak 2 | . . 2 To Critical Strikes . | . . . Average Backups 12 | . 12 14 Power . | . . . Propulsion 4 | . 5 4 Utility 2 | . 2 2 Weapon 6 | . 5 8 Tool/Special . | . . . Unused Backups 10 | . 2 8 Power . | . . . Propulsion 4 | . 2 2 Utility 2 | . . 2 Weapon 4 | . . 4 Tool/Special . | . . . Average Slot Usage (%) 95 | . 100 91 Engine 10 | . 14 6 Treads 28 | . 28 28 Device 13 | . 14 13 Storage 14 | . 14 14 Energy Gun 8 | . 14 4 Energy Cannon 6 | . 7 5 Ballistic Gun 6 | . 5 6 Launcher 2 | . . 4 Impact Weapon 3 | . . 6 Peak Build Rating 16 | 7 10 16 Average Rating 10 | 5 9 11 On Entrance 5 | . 7 10 Avg Prop Armor Cover (%) . | . . . Naked Turns . | . . . Heaviest Build 32 | 13 32 32 Greatest Support 46 | 40 40 46 Greatest Overweight (x) . | . . . Average Overweight (x) . | . . . Largest Inventory Capacity 15 | 8 15 15 Average Capacity 14 | 7 14 15 Most Carried 15 | 1 15 15 Average Carried 12 | . 12 14 Final Capacity 15 | 8 15 15 Final Carried 15 | 1 15 15 Class Distribution -------------------- 100% | Mutant Dominant Class ---------------- Mutant | -10/Materials Mutant | -10/Subcaves Resources | -11 -10 -10 ----------- Run | Yrd Mat Sub Matter Collected 561 | 312 64 185 Remotely . | . . . Salvage Created 719 | 129 348 242 Parts 44 | 11 23 10 Haulers Intercepted 2 | . 2 . Recyclers Shooed . | . . . Parts Field Recycled . | . . . Retrieved Matter . | . . . Parts Self-Destructed 15 | . . 15 Prevented . | . . . Parts Restored . | . . . Kills | -11 -10 -10 ------- Run | Yrd Mat Sub Combat Hostiles Destroyed 13 | . 6 7 Guns 5 | . 3 2 Cannons 4 | . 3 1 AOE 4 | . . 4 Classes Destroyed 8 | 2 5 1 Builder 1 | . 1 . Tunneler 4 | 4 . . Hauler 2 | . 2 . Recycler 1 | 1 . . Operator 2 | . 2 . Swarmer 3 | . 3 . Grunt 3 | . 3 . Subdweller 7 | . . 7 Best Kill Streak 5 | 5 3 2 Combat Bots Only 3 | . 3 2 Max Kills in Single Turn 1 | 1 1 1 Gunslinging . | . . . Exploded 1 | . . 1 Melee . | . . . Uniques/NPCs Destroyed . | . . . Combat | -11 -10 -10 -------- Run | Yrd Mat Sub Hostile Shots Fired 40 | . 15 25 Missed 5 | . 1 4 Hits 35 | . 14 21 Projectile 35 | . 14 21 AOE 1 | . . 1 Critical Strikes 1 | . . 1 Damage Taken 1171 | . 156 1015 Core 270 | . 48 222 Absorbed by Shields . | . . . Core Remaining (%) 100 | 100 . . Volleys Fired 56 | 14 23 19 Largest 2 | 2 2 2 Hottest 150 | 70 150 106 Shots Fired 106 | 28 46 32 Gun 76 | 28 31 17 Cannon 23 | . 14 9 Launcher 6 | . . 6 Special 1 | . 1 . Kinetic 31 | 14 8 9 Thermal 46 | 14 24 8 Explosive 6 | . . 6 Electromagnetic 23 | . 14 9 Robot Hit Streak 20 | 4 8 20 Robot Miss Streak 5 | 2 5 3 Penetration Max . | . . . Secondary Targets 2 | . 2 . Max Gunslinging Chain 1 | . 1 . Shots Hit Robots 76 | 17 32 27 Core Hits 34 | 6 15 13 Critical Kills . | . . . Critical Parts Destroyed . | . . . Critical Strikes 5 | 1 1 3 Burn 4 | 1 1 2 Smash 1 | . . 1 Melee Attacks 29 | . . 29 Impact 29 | . . 29 Slashing . | . . . Piercing . | . . . Sneak Attacks . | . . . Combat Hostiles . | . . . Follow-up Attacks . | . . . Damage Inflicted 1620 | 202 585 833 Guns 733 | 202 288 243 Cannons 402 | . 272 130 Explosions 452 | . 20 432 Melee 28 | . . 28 Ramming 5 | . 5 . Kinetic 348 | 102 91 155 Thermal 405 | 100 217 88 Explosive 432 | . . 432 Electromagnetic 402 | . 272 130 Impact 28 | . . 28 Slashing . | . . . Piercing . | . . . Highest Corruption . | . . . Average Corruption . | . . . Corruption Purged . | . . . Corruption Blocked . | . . . Overload Shots . | . . . Overflow Damage 38 | . 38 . Projectiles 38 | . 38 . Explosions . | . . . Melee . | . . . Knockbacks . | . . . Impact . | . . . Kinetic . | . . . Secondary . | . . . Self-Inflicted Damage 52 | . 32 20 Shots 3 | . 1 2 Rammed 2 | . 2 . Targets Rammed 2 | . 2 . Kicked . | . . . Crushed . | . . . Highest Temperature 287 | 54 147 287 Average Temperature 44 | 23 42 124 Received Heat Transfer 414 | . 36 378 Siege Activations . | . . . Martial Activations . | . . . Shielding Activations . | . . . Robots Disrupted . | . . . Combat Hostiles . | . . . Robots Corrupted . | . . . Combat Hostiles . | . . . Parts Fried 3 | . 2 1 Impact Corruptions . | . . . Robots Melted . | . . . Combat Hostiles . | . . . Parts Melted 6 | 3 2 1 Heat Transferred 1493 | 370 716 407 Parts Sabotaged . | . . . Parts Stolen . | . . . Parts Stripped . | . . . Power Chain Reactions 1 | . 1 . Alert | -11 -10 -10 ------- Run | Yrd Mat Sub Maximum Alert Level . | . . . Low Security (%) 100 | 100 100 . Level 1 . | . . . Level 2 . | . . . Level 3 . | . . . Level 4 . | . . . Level 5 . | . . . High Security . | . . . Max Security . | . . . Peak Influence 69 | 10 69 . Initial . | . . . Average 10 | 1 12 . Influence Increases 241 | 25 216 . Destroy 0b10 Robot/C 120 | . 120 . Destroy 0b10 Robot/NC 50 | 25 25 . Destroy Leader 24 | . 24 . Successful Hack 26 | . 26 . Disable Machine 15 | . 15 . Destroy Structure 6 | . 6 . Influence Decreases 241 | 25 160 56 Entered New Map 28 | . . 28 Time Decay 213 | 25 160 28 Squads Dispatched 2 | . 2 . Investigation . | . . . Extermination . | . . . Reinforcement 2 | . 2 . Assault . | . . . Garrison . | . . . Intercept . | . . . Searches Triggered . | . . . Construction Impeded . | . . . Haulers Reinforced . | . . . Active Scanning Responses . | . . . Cargo Convoy Interrupts . | . . . Stealth | -11 -10 -10 --------- Run | Yrd Mat Sub Distress Signals 1 | . 1 . Communications Jammed . | . . . Distress Signals . | . . . Times Spotted 20 | . 11 9 Peak Tracking Total 3 | . 3 2 Tactical Retreats . | . . . Traps | -11 -10 -10 ------- Run | Yrd Mat Sub Traps Triggered 4 | . . 4 Indirectly . | . . . Trap Hack Attempts . | . . . Triggered . | . . . Disarmed . | . . . Reprogrammed . | . . . Reused . | . . . Traps Extracted . | . . . Installed . | . . . Triggered . | . . . Machines | -11 -10 -10 ---------- Run | Yrd Mat Sub Machines Disabled 1 | . 1 . Max in Single Turn 1 | . 1 . Machines Repaired . | . . . Machines Dismantled . | . . . Machines Sabotaged . | . . . Overloaded Fab Kills . | . . . Hacking | -11 -10 -10 --------- Run | Yrd Mat Sub Machines Accessed 4 | . 3 1 Terminals 3 | . 3 . Fabricators . | . . . Repair Stations . | . . . Recycling Units . | . . . Scanalyzers . | . . . Garrison Access . | . . . Total Hacks 6 | . 5 1 Successful 4 | . 3 1 Failed 2 | . 2 . Catastrophic . | . . . Database Lockouts . | . . . Manual 1 | . 1 . Terminals 5 | . 5 . Fabricators . | . . . Repair Stations . | . . . Recycling Units . | . . . Scanalyzers . | . . . Garrison Access . | . . . Terminal Hacks 4 | . 3 1 Open Door 1 | . . 1 Hauler Manifests 1 | . 1 . Registered Components 1 | . 1 . Zone Layout 1 | . 1 . Fabricator Hacks . | . . . Repair Station Hacks . | . . . Recycling Unit Hacks . | . . . Scanalyzer . | . . . Garrison Access Hacks . | . . . Unauthorized Hacks . | . . . Terminals . | . . . Fabricators . | . . . Repair Stations . | . . . Recycling Units . | . . . Scanalyzers . | . . . Garrison Access . | . . . Data Cores Recovered . | . . . Used . | . . . Hacking Detections 1 | . 1 . Full Trace Events . | . . . Feedback Events . | . . . Feedback Blocked . | . . . Robot Schematics Acquired . | . . . Robots Built . | . . . Authchips . | . . . Time . | . . . Total Robot Build Rating . | . . . Part Schematics Acquired . | . . . Parts Built . | . . . Authchips . | . . . Time . | . . . Total Part Build Rating . | . . . Part Studies Acquired . | . . . Parts Repaired . | . . . Time . | . . . Parts Recycled . | . . . Recycled Matter . | . . . Retrieved Matter . | . . . Retrieved Components . | . . . Parts Scanalyzed . | . . . Part Schematics Acquired . | . . . Parts Damaged . | . . . Bothacking | -11 -10 -10 ------------ Run | Yrd Mat Sub Used RIF Installer . | . . . Robots Hacked . | . . . Non-combat . | . . . Combat . | . . . Robot Hacks Applied . | . . . Relay Couplers Released . | . . . Fabnet Peak Effective % . | . . . Robots Rewired . | . . . Allies Hacked . | . . . Hacks Repelled . | . . . Allies | -11 -10 -10 -------- Run | Yrd Mat Sub Total Allies . | . . . Largest Group . | . . . Highest-Rated Group . | . . . Highest-Rated Ally . | . . . Total Orders . | . . . Ally Attacks . | . . . Total Damage . | . . . Kills . | . . . Allies Corrupted . | . . . Allies Melted . | . . . Intel | -11 -10 -10 ------- Run | Yrd Mat Sub Active Infowar (turns) 2059 | 46 939 1074 Sensors 389 | . . 389 Seismic 1670 | 46 939 685 Robot Analysis Total . | . . . Derelict Logs Recovered 3 | . . 3 Drone Launches . | . . . Drone Recoveries . | . . . Exploration | -11 -10 -10 ------------- Run | Yrd Mat Sub Turns Passed 2171 | 149 939 1083 Spaces Moved 1171 | 63 524 584 Core 4 | 4 . . Treads 1167 | 59 524 584 Legs . | . . . Wheels . | . . . Hover . | . . . Flight . | . . . Fastest Speed 50 | 50 160 160 Average Speed 159 | 153 160 160 Slowest Speed 160 | 160 160 160 Overloaded Moves . | . . . Propulsion Burnouts . | . . . Robots Hopped . | . . . Potential Cave-ins 4 | . . 4 Cave-ins Triggered 1 | . . 1 Exploration Rate (%) 38 | 5 74 36 Regions Visited 2 Branch Regions 1 Pre-discovered Areas 3 | . . 3 Known Exits Taken . | . . . Unknown Exits Taken 2 | 1 1 . Scrap Searched 4 | . . 4 Spaces Dug 15 | . . 15 Terrain Destroyed 54 | . 6 48 Melee 15 | . . 15 Projectile . | . . . AOE 39 | . 6 33 Terrain Rammed . | . . . Walls Destroyed . | . . . Machines Disabled . | . . . Actions | -11 -10 -10 --------- Run | Yrd Mat Sub Total 1317 | 84 577 656 Wait 20 | . 5 15 Move 1169 | 62 523 584 Hop . | . . . Pick Up 17 | 1 16 . Fast Attach 7 | 7 . . Attach 1 | . . 1 Detach . | . . . Swap 12 | . 4 8 Drop 4 | . 4 . Fire 56 | 14 23 19 Melee 29 | . . 29 Ram . | . . . Kick . | . . . Crush 2 | . 2 . Escape Stasis . | . . . Rewire . | . . . Trap . | . . . Miscellaneous . | . . . Route ------- -11/Scrapyard -10/Materials (discovered 5 exits: [*Mat x3] / [*Min] / *Sub) -10/Subcaves (discovered 3 exits: *Mat x2 / [*Scr]) History --------- Turn | Location | Event 8 | -11/Scrapyard | Discovered new exit (range 16) 150 | -11/Scrapyard | Entered Materials 151 | -10/Materials | Met a group of wandering Federalists 197 | -10/Materials | Discovered new exit (range 14) 228 | -10/Materials | Discovered new exit (range 15) 274 | -10/Materials | Discovered new exit (range 8) 301 | -10/Materials | Build established: Mutant 505 | -10/Materials | Discovered new exit (range 16) 791 | -10/Materials | Discovered new exit (range 14) 1089 | -10/Materials | Entered Subcaves 1090 | -10/Subcaves | Continued accompanying wandering Federalists (5) 1090 | -10/Subcaves | Approached by a straggling Scientist 1226 | -10/Subcaves | Discovered new exit (range 15) 1243 | -10/Subcaves | Learned location of Zion (-7) 1243 | -10/Subcaves | Met a Zionite searching for "candidates" 1244 | -10/Subcaves | Learned location of Recycling (-9) 1408 | -10/Subcaves | Shifting Twisted Machinery released Sub. Machine Gun 1426 | -10/Subcaves | Shifting Twisted Machinery released Mak. Shrapnel Gun 1522 | -10/Subcaves | A swath of the cavern ceiling suddenly collapsed 1752 | -10/Subcaves | Learned location of Mines (-10) 1773 | -10/Subcaves | Core integrity fell below 50% 1790 | -10/Subcaves | Identified exit to Materials 1892 | -10/Subcaves | Disturbed a concealed Subdweller 2173 | -10/Subcaves | Crushed by falling debris 2173 | -10/Subcaves | Smashed by cave-in Last Messages --------------- 01910_ Found 54 Matter. 01911_ Acquired 6 matter. 01915_ Searching scrap... 01915_ Found Mak. Hammer. 01915_ Found Sub. Optics. 01915_ Found 63 Matter. 01970_ U1-W0N(R) destroyed. 01972_ LZ-48L(R) destroyed. 01980_ Acquired 22 matter. 01985_ Acquired 18 matter. 02058_ Connecting with UFD SUBCON Station... 02058_ Current location identified: Subcaves >>Open Door Sealed Heavy Doors opened. 02173_ The unstable cave ceiling collapses. 02173_ Crushed by falling debris. 02173_ Grenade Launcher destroyed. 02173_ System corrupted by crushing effect (+1). 02173_ Imp. Treads destroyed. 02173_ System corrupted by crushing effect (+1). Map ----- +----------------------------------------------------+ | | | ?????????????????????????????????????????????????? | | ?????????????????????????????????????????????????? | | ?????????????????????????????????????????????????? | | ?????????????????????????????????????????????????? | | ?????????????????????????????????????????????????? | | ?????????????????????????????????????????????????? | | ?????????????????????????????????????????????????? | | ?????????????????????????????????????????????????? | | ?????????????????????????????????????????????????? | | ?????????????????????????????????????????????????? | | ?????????????????????????????????????????????????? | | ?????????????????????????????????????????????????? | | ?????????????????????????????????????????????????? | | ?????????????????????????????????????????????????? | | ?????????????????????????????????????????????????? | | ?????????????????????????????????????????????????? | | ???????????######?###????????????????????????????? | | ???????##### ### ###??????????????????????????? | | ??????## ## # #??????????????????????????? | | ??????# # ## ## #??????????????????????????? | | ?###??## ###########; ##?????????????????????????? | | ## #### #????????### ##????????????????????????? | | #??????????## ##???????????????????????? | | # ## ##???????????## ###?????????????????????? | | ###### ####??????????##@ #?????????????????????? | | ### # #???????????# #?????????????????????? | | ## #????????????####?????????????????????? | | ##?????????????????????????????????????? | | # # #?????????????????????????????????????? | | ##### ##??????????????????????????????????????? | | #??## #???????????????????????????????????????? | | #### ##??????????????????????????????????????? | | ## ##?????????????????????????????????????? | | " ### "#?????????????????????????????????????? | | "" #?# " #?????????????????????????????????????? | | ##" #?#"" #?????????????????????????????????????? | | ## ##?## #?????????????????????????????????????? | | # #### ##????????????????????????????????????? | | # """"" #????????????????????????????????????? | | # "" #????????????????????????????????????? | | ##""" " ##????????????????????????????????????? | | ##" ######?????????????????????????????????????? | | "" ###??????????????????????????????????????????? | | "" #????????????????????????????????????????????? | | ""##?????????????????????????????????????####??? | | """ ####??????????????????????????????????# #??? | | """ # #?????????????????????????????????##" #??? | | # " ###?????????????????????????###??## #??? | | # &"%[ #???????????????????????### #### ##??? | +----------------------------------------------------+ Best States ------------- Heat Dissipation 25 Energy Generation 10 Energy Capacity 250 Matter Stores 300 Matter Capacity 300 Sight Range 16 Robot Scan Range 14 Terrain Scan Density 10 Evasion (%) 40 Recoil Reduction 2 Item Schematics ----------------- None Robot Schematics ------------------ None Fabricated ------------ Nothing Repaired ---------- Nothing Studied --------- None Alien Tech Used ----------------- None Achievements -------------- None Challenges ------------ None Game ------ Seed RefineryPotentialBattery Manual? 0 Play Time 00:14:05 Cumulative 165.0 hours Start 2026.05.01 @ 21:45:01 End 2026.05.01 @ 21:54:18 Sessions 1 Manual Loads 0 Difficulty Rogue Special Mode None Game No. 255 Rogue 255 Adventurer 0 Explorer 0 Win Type - Total 1 Types 1/0/0/0/0/0/0/0/0/0 Lore% 58 Gallery% 57 Achievement% 43 Wizard Run 0 Options --------- Layout 1 ASCII 0 Keyboard 1 Movement Arrows Keybinds 0 Fullscreen 1 Font 24/Smallcaps Map View 50x35 Zoom Use 0% Tactical HUD 1 Map Filters NONE Filters NONE Steam 1 RUN: 7d87edfc-01eb-41ef-8141-f3f09303964b